 Dungeon Crawl Stone Soup version 0.31-a0-202-g547052bce9 (webtiles) character file.

Game seed: 6472384883275800621

344 qw the Skirmisher (level 6, -7/35 HPs)
             Began as a Deep Elf Hunter on June 26, 2023.
             Was an Initiate of Okawaru.
             Mangled by an iguana (9 damage)
             ... on level 4 of the Dungeon.
             The game lasted 00:01:20 (3814 turns).

qw the Skirmisher (Deep Elf Hunter)                 Turns: 3814, Time: 00:01:21

Health: -7/35      AC:  7    Str: 10    XL:     6   Next: 31%
Magic:  8/8        EV: 11    Int: 14    God:    Okawaru [......]
Gold:   105        SH:  5    Dex: 18    Spells: 5/5 levels left

rFire   + . .        Y - +0 shortbow
rCold   . . .        (shield currently unavailable)
rNeg    . . .        d - +0 ring mail
rPois   .            (no helmet)
rElec   .            (no cloak)
rCorr   .            (no gloves)
SInv    .            b - +1 pair of boots {Stlth+}
Will    .....        h - amulet of reflection
Stlth   ++           j - ring of protection from fire
HPRegen 0.25/turn    (no ring)
MPRegen 0.11/turn

%: reflection
@: about to teleport
A: mutation resistance 1
a: Renounce Religion


You were on level 4 of the Dungeon.
You worshipped Okawaru.
Okawaru was noncommittal.
You visited 2 branches of the dungeon, and saw 6 of its levels.

You collected 105 gold pieces.


Innate Abilities, Weirdness & Mutations

You are somewhat resistant to further mutation.


   Skills:
 - Level 2.0 Fighting
 + Level 9.8 Ranged Weapons
 - Level 2.4 Dodging
 - Level 1.2 Stealth


You had 5 spell levels left.
You didn't know any spells.
Your spell library was empty.

Inventory:

Hand Weapons
 Y - a +0 shortbow (weapon)
Armour
 b - a +1 pair of boots of stealth (worn)
 d - a +0 ring mail (worn)
Jewellery
 h - an amulet of reflection (around neck)
 j - a ring of protection from fire (left hand)
Scrolls
 a - a scroll of identify
Potions
 c - a potion of mutation
 k - a potion of might {unknown}

Dungeon Overview and Level Annotations

Branches:
Dungeon (5/15)             Temple (1/1) D:4

Altars:
Ashenzari
Cheibriados
Dithmenos
Elyvilon
Fedhas
Gozag
Hepliaklqana
Kikubaaqudgha
Makhleb
Nemelex Xobeh
Okawaru
Qazlal
Ru
Sif Muna
Trog
Uskayaw
Vehumet
Wu Jian
Xom
Yredelemnul
Zin
The Shining One

Shops:
D:1 :

Annotations:
D:3 1 runed translucent door, Crazy Yiuf


Message History

You shoot an arrow.
The arrow hits the sleepcap but does no damage.
The sleepcap is moderately damaged.
The sleepcap barely misses you.
You shoot an arrow. The arrow hits the sleepcap.
The sleepcap is moderately damaged.
The iguana misses you. The sleepcap releases spores at you.
You are engulfed in a cloud of soporific spores!
You fall asleep.
The sleepcap releases spores at you.
You wake up.
You block the iguana's attack.
3807 ||| STAIRDANCE The iguana misses you.
The sleepcap releases spores at you.
You are engulfed in a cloud of soporific spores!
You are unaffected.
You climb upwards.
There is a stone staircase leading down here.
You shoot an arrow. The arrow hits the sleepcap.
The sleepcap is moderately damaged.
The iguana bites you! The sleepcap barely misses you.
You shoot an arrow. The arrow hits the sleepcap.
The sleepcap is heavily damaged.
The iguana bites you but does no damage.
The sleepcap releases spores at you.
You shoot an arrow. The arrow hits the sleepcap.
The sleepcap is heavily damaged.
The iguana bites you. The sleepcap barely misses you.
You shoot an arrow.
The arrow hits the sleepcap but does no damage.
The sleepcap is heavily damaged.
The iguana bites you. The sleepcap barely misses you.
You shoot an arrow. The arrow hits the sleepcap.
The sleepcap is severely damaged.
The iguana bites you! The sleepcap releases spores at you.
You are engulfed in a cloud of soporific spores!
You fall asleep.
You wake up.
3814 ||| READING scroll of teleportation.
As you read the scroll of teleportation, it crumbles to dust.
You feel strangely unstable. The iguana bites you!
You die...

####### #.....# ####.....#
##.###....########
##...##......##...#
#................f#
##.........#....@########
##...#.....#.###l##.....#
.......#.....#.###......# ##
.......#....##...#.....## #.
....##......#....#....## #.
............#....#...#### ####.
............#....#...#..## ##.##.
.###...##...#............# #..#..
###.#.#####.###.........####.....


You could see a sleepcap and an iguana.

Vanquished Creatures
  An iguana (D:4)
  Natasha (thrice) (D:2)
  2 orc wizards (D:4)
  4 gnolls (D:4)
  6 adders
  2 worms (D:3)
  6 dart slugs
  8 orcs
  7 ball pythons
  4 endoplasms
  A giant cockroach (D:2)
  10 goblins
  9 hobgoblins
  2 quokkas
  6 bats
  10 frilled lizards
  4 kobolds
  4 rats
89 creatures vanquished.

Notes
Turn   | Place    | Note
-------+----------+-------------------------------------------
     0 | D:1      | qw the Deep Elf Hunter began the quest for the Orb.
     0 | D:1      | Reached XP level 1. HP: 12/12 MP: 3/3
     0 | D:1      | 0 ||| qw: Version: 0.3-a-22-g0ed2b0b
     0 | D:1      | 0 ||| qw: Game counter: 6247
     0 | D:1      | 0 ||| qw: Melee chars always use a shield: true
     0 | D:1      | 0 ||| qw: God list: Okawaru
     0 | D:1      | 0 ||| qw: Allow faded altars: false
     0 | D:1      | 0 ||| qw: Do Orc after clearing Dungeon:15 true
     0 | D:1      | 0 ||| qw: Do second Lair branch before Depths: true
     0 | D:1      | 0 ||| qw: Lair rune preference: random
     0 | D:1      | 0 ||| qw: Goals: Normal
     0 | D:1      | 0 ||| PLANNING D:1-11
   407 | D:1      | Found Yboafo's Book Shop.
   461 | D:1      | Reached XP level 2. HP: 14/16 MP: 4/4
   500 | D:1      | Reached skill level 6 in Ranged Weapons
   916 | D:1      | 916 ||| UPGRADING to +0 ring mail.
   926 | D:1      | 926 ||| DROPPING +0 leather armour.
   927 | D:1      | 927 ||| UPGRADING to amulet of reflection.
   932 | D:1      | 932 ||| READING scroll labelled LIQUEC POSOTO.
   937 | D:1      | 937 ||| READING scroll labelled ESIL PEDDEENI.
   938 | D:1      | 938 ||| DROPPING scroll of butterflies.
  1002 | D:2      | Noticed Natasha
  1012 | D:2      | HP: 1/16 [Natasha (7)]
  1013 | D:2      | Killed Natasha
  1014 | D:2      | Reached skill level 7 in Ranged Weapons
  1014 | D:2      | Reached XP level 3. HP: 2/20 MP: 5/5
  1097 | D:2      | Noticed Natasha
  1105 | D:2      | Killed Natasha
  1106 | D:2      | Reached XP level 4. HP: 21/25 MP: 6/6
  1199 | D:2      | Noticed Natasha
  1200 | D:2      | 1200 ||| Stepping ~*~*~tactically~*~*~ (outnumbered).
  1202 | D:2      | 1202 ||| Stepping ~*~*~tactically~*~*~ (outnumbered).
  1207 | D:2      | Killed Natasha
  1429 | D:2      | Reached skill level 8 in Ranged Weapons
  1762 | D:2      | 1762 ||| UPGRADING to +1 pair of boots of stealth.
  1767 | D:2      | 1767 ||| UPGRADING to ring of protection from fire.
  1768 | D:2      | 1768 ||| READING scroll labelled JELANO AQETO.
  1869 | D:2      | 1869 ||| READING 2 scrolls labelled METEAS BEOSCH.
  1870 | D:2      | 1870 ||| DRINKING 2 silvery potions.
  1870 | D:2      | Gained mutation: You are somewhat resistant to further
                  | mutation. [potion of mutation]
  1871 | D:2      | 1871 ||| DROPPING scroll of fog.
  1987 | D:3      | Reached XP level 5. HP: 29/29 MP: 7/7
  2335 | D:3      | Found a runed translucent door.
  2336 | D:3      | Noticed Crazy Yiuf
  2518 | D:3      | Identified the +1 hand axe "Cifu Oji" {speed, rC+ Int+3}
  2770 | D:3      | 2770 ||| READING scroll labelled USIBLO ODESTA.
  2771 | D:3      | 2771 ||| READING scroll labelled BAOPHE JUENUVA.
  2772 | D:3      | 2772 ||| READING 2 scrolls labelled IMOYNN LOSM.
  2773 | D:3      | 2773 ||| DRINKING 2 fuming silvery potions.
  2774 | D:3      | 2774 ||| DRINKING 2 red potions.
  2775 | D:3      | 2775 ||| DRINKING 2 dark potions.
  2776 | D:3      | 2776 ||| DRINKING 2 fuming yellow potions.
  2777 | D:3      | 2777 ||| READING 2 scrolls of identify.
  2777 | D:3      | 2777 ||| IDENTIFYING smoky black potion
  2778 | D:3      | 2778 ||| DROPPING potion of brilliance.
  2779 | D:3      | 2779 ||| DROPPING potion of degeneration.
  2780 | D:3      | 2780 ||| DROPPING potion of attraction.
  2781 | D:3      | 2781 ||| DROPPING scroll of blinking.
  2782 | D:3      | 2782 ||| DROPPING potion of magic.
  2831 | D:4      | 2831 ||| DRINKING potion of curing.
  2831 | D:4      | 2831 ||| (to cure confusion)
  2845 | D:4      | Reached skill level 9 in Ranged Weapons
  2856 | D:4      | 2856 ||| FLEEEEING.
  2857 | D:4      | 2857 ||| STAIRDANCE
  3058 | D:4      | Reached XP level 6. HP: 26/35 MP: 8/8
  3124 | D:4      | Found a staircase to the Ecumenical Temple.
  3125 | D:4      | 3125 ||| PLANNING TEMPLE
  3125 | D:4      | 3125 ||| READING scroll labelled VIS VALETAU.
  3210 | Temple   | Entered the Ecumenical Temple
  3450 | Temple   | 3450 ||| PLANNING D:1-11
  3570 | D:4      | Found an iron altar of Okawaru.
  3571 | D:4      | 3571 ||| PLANNING OKAWARU WORSHIP
  3571 | D:4      | Found a snail-covered altar of Cheibriados.
  3573 | D:4      | Found a hide-covered altar of Uskayaw.
  3573 | D:4      | Found an opulent altar of Gozag.
  3575 | D:4      | Found a shadowy altar of Dithmenos.
  3576 | D:4      | Found a shimmering blue altar of Sif Muna.
  3578 | D:4      | Became a worshipper of Warmaster Okawaru
  3579 | D:4      | 3579 ||| PLANNING D:1-11
  3642 | D:4      | Found a glowing silver altar of Zin.
  3642 | D:4      | Found a white marble altar of Elyvilon.
  3642 | D:4      | Found a glowing golden altar of the Shining One.
  3800 | D:5      | Entered Level 5 of the Dungeon
  3807 | D:5      | 3807 ||| STAIRDANCE
  3813 | D:4      | HP: 3/35 [iguana (8)]
  3814 | D:4      | 3814 ||| READING scroll of teleportation.
  3814 | D:4      | Mangled by an iguana

Levels and vault maps discovered:
D:1:      minmay_arrival_four_loops, layout_loops_corners, serial_shops,
          nicolae_shop_stone, minivault_23
D:2:      layout_basic, uniq_natasha
D:3:      minmay_recursive_quarters, layout_basic, minmay_ruptured,
          uniq_crazy_yiuf_cottage
D:4:      layout_cave_pools, good_gods_mini_temple, grunt_temple_overflow_open,
          temple_fountains, minmay_stone_trees_small,
          chequers_serial_rivers_micro_a, minmay_lizard_king
D:5:      layout_basic, nicolae_shop_distant_corner_stores, st_stairs_14,
          minivault_1
Temple:   oiseaux_autumnal_temple

Skill      XL: |  1  2  3  4  5 |
---------------+----------------+-----
Ranged Weapons | 7 8 9 |  9.8
Fighting       | 2 |  2.0
Dodging        | |  2.4
Stealth        | |  1.2

Action                     |  1- 3 |  4- 6 || total
---------------------------+-------+-------++-------
   Fire: Shortbow          |    62 |   223 ||   285
    Use: Scroll            |     2 |     8 ||    10
         Potion            |       |     6 ||     6
 Armour: Leather armour    |     5 |       ||     5
         Ring mail         |     2 |    33 ||    35
  Dodge: Dodged            |    14 |    61 ||    75
  Block: Other             |     7 |    17 ||    24

Table legend:
 A = Non-vault XP
 B = Vault XP
 C = Vault XP percentage of total XP
 D = Non-vault monster count
 E = Vault monster count
 F = Vault count percentage of total count
                 A         B        C        D         E       F
            +---------+---------+-------+---------+---------+-------
      Total |     374 |     118 |  24.0 |      69 |      20 |  22.5
            +---------+---------+-------+---------+---------+-------
        D:1 |      25 |       0 |   0.0 |      14 |       0 |   0.0
        D:2 |      97 |      35 |  26.5 |      15 |       1 |   6.2
        D:3 |      52 |      40 |  43.5 |      16 |      11 |  40.7
        D:4 |     200 |      43 |  17.7 |      24 |       8 |  25.0
            +---------+---------+-------+---------+---------+-------
